 Dungeon Crawl Stone Soup version 0.23.2-1-ga50397a6bc (webtiles) character file.

Game seed: 2902083257523324136

6967 OneEyedShark the Grappler (level 10, -6/105 HPs)
             Began as a Troll Berserker on May 28, 2019.
             Was a High Priest of Trog.
             Mangled by an eight-headed hydra (15 damage)
             ... on level 10 of the Dungeon.
             The game lasted 00:25:50 (8694 turns).

OneEyedShark the Grappler (Troll Berserker)         Turns: 8694, Time: 00:25:51

Health: -6/105     AC:  9    Str: 27    XL:     10   Next: 81%
Magic:  11/11      EV: 19    Int:  3    God:    Trog [*****.]
Gold:   615        SH:  0    Dex: 12    Spells: 9/9 levels left

rFire    . . .     SeeInvis .     - Unarmed
rCold    . . .     Gourm    +   (no shield)
rNeg     . . .     Faith    .   G - +0 animal skin
rPois    .         Spirit   .   (helmet restricted)
rElec    .         Reflect  .   o - +2 cloak
rCorr    .         Harm     .   (gloves unavailable)
MR       .....                  (boots unavailable)
Stlth    +.........             (no amulet)
HPRegen  0.67/turn              x - +3 ring of evasion
MPRegen  0.12/turn              K - +3 ring of evasion

@: lightly drained
A: large, unfitting armour, claws 3, fast metabolism 3, gourmand, regeneration
1, shaggy fur 1, tough skin 3
a: Berserk, Trog's Hand, Brothers in Arms, Renounce Religion


You were on level 10 of the Dungeon.
You worshipped Trog.
Trog was extremely pleased with you.
You were not hungry.

You visited 2 branches of the dungeon, and saw 12 of its levels.
You also visited: Bailey.

You collected 615 gold pieces.

Inventory:

Hand Weapons
 a - the +1 arbalest of Upheaval {penet, Int+2}
   (You found it in a bailey)

   Ammo fired by it will pass through the targets it hits, potentially hitting
   all targets in its path until it reaches maximum range.
   It affects your intelligence (+2).
 E - a +3 antimagic halberd
Missiles
 y - 3 large rocks (quivered)
 D - 67 bolts
Armour
 o - a +2 cloak (worn)
 r - a scarf of resistance
 G - a +0 animal skin (worn)
Jewellery
 h - an uncursed ring of poison resistance
 x - a +3 ring of evasion (left claw)
 K - a +3 ring of evasion (right claw)
Wands
 p - a wand of paralysis (9)
 w - a wand of polymorph (8)
 C - a wand of digging (5)
Scrolls
 c - 4 scrolls of identify
 d - a scroll of magic mapping {unknown}
 g - 3 scrolls of fog
 l - 4 scrolls of remove curse
 s - a scroll of vulnerability
 A - a scroll of fear
 B - 4 scrolls of enchant weapon {unknown}
 F - 2 scrolls of blinking {unknown}
 H - a scroll of acquirement {unknown}
 I - a scroll of holy word {unknown}
 J - a scroll of teleportation
Potions
 e - 2 potions of lignification
 j - a potion of might
 k - a potion of flight
 m - 4 potions of curing
 n - 2 potions of resistance
 q - a potion of cancellation
 t - 3 potions of haste
 u - 3 potions of brilliance
 z - a potion of mutation {unknown}
Comestibles
 b - 21 rations


   Skills:
 + Level 8.3(7.9) Fighting
 + Level 8.2(7.8) Dodging
 + Level 9.8(9.3) Unarmed Combat
 - Level 3.0(2.6) Evocations


You had 9 spell levels left.
You didn't know any spells.
Your spell library was empty.

Dungeon Overview and Level Annotations

Branches:
Dungeon (11/15)            Temple (1/1) D:6
   Lair: D:8-11         Orc: D:9-12

Altars:
Ashenzari
Cheibriados
Dithmenos
Elyvilon
Fedhas
Gozag
Hepliaklqana
Kikubaaqudgha
Makhleb
Nemelex Xobeh
Okawaru
Qazlal
Ru
Sif Muna
Trog
Uskayaw
Vehumet
Wu Jian
Xom
Yredelemnul
Zin
The Shining One


Innate Abilities, Weirdness & Mutations

You are too large for most types of armour.
You have claws for hands.
Your metabolism is lightning-fast.
You like to eat raw meat.
Your natural rate of healing is unusually fast.
You are covered in fur. (AC +1)
You have extremely tough skin. (AC +3)


Message History

The eight-headed hydra misses you.
The eight-headed hydra closely misses you.
The eight-headed hydra bites you but does no damage.
Okay, then.
The leopard gecko hisses menacingly.
The eight-headed hydra bites you but does no damage. x2
The eight-headed hydra bites you.
The eight-headed hydra bites you but does no damage.
The eight-headed hydra barely misses you.
The eight-headed hydra bites you!
* * * LOW HITPOINT WARNING * * *
The eight-headed hydra completely misses you.
The eight-headed hydra bites you!
* * * LOW HITPOINT WARNING * * *
You feel much better. The eight-headed hydra bites you!
* * * LOW HITPOINT WARNING * * *
The eight-headed hydra bites you!
* * * LOW HITPOINT WARNING * * *
The eight-headed hydra misses you. The eight-headed hydra bites you!
You die...

#......#######..........#
#......# ######'#####
#......# #.# #......# ##.#
###..### ###..# #####.####
#...## #........# ##.#####
#........### #......#
#.......l@.## #......#
#.......D#..# #......# ##
#........##.####......###.
#........##....#..........
#........#####........####
#........# ###......#
###.###### #......# #.#
#......# #.## #.(....#


You could see an eight-headed hydra and a leopard gecko.

Vanquished Creatures
  An orc knight (Bailey)
  A kobold demonologist (D:9)
  Prince Ribbit (D:8)
  3 hippogriffs
  2 wyverns
  Eustachio (D:4)
  A hungry ghost (D:8)
  9 orc warriors
  2 black bears
  2 sky beasts (D:5)
  An ice beast (D:8)
  A necrophage (D:7)
  4 ogres
  A phantom (D:9)
  4 centaurs
  11 big kobolds
  9 bullfrogs
  2 scorpions (D:7)
  4 wights (D:10)
  A centaur zombie (D:9)
  A howler monkey (D:5)
  7 crimson imps
  4 hounds
  A bullfrog zombie (D:5)
  2 centaur skeletons (D:8)
  6 orc priests
  A jelly (D:8)
  2 bullfrog skeletons
  2 orc wizards
  3 iguanas
  3 worker ants
  2 hound zombies
  7 adders
  A gnoll (D:9)
  4 shadow imps
  An ooze (D:2)
  An adder zombie (D:8)
  An adder skeleton (D:9)
  2 worms
  5 leopard geckos
  44 orcs
  2 ball pythons
  6 bats
  6 giant cockroaches
  11 goblins
  5 hobgoblins
  20 jackals
  2 quokkas
  7 frilled lizards
  A jackal skeleton (D:4)
  24 kobolds
  3 leopard gecko zombies
  A quokka zombie (D:9)
  3 rats
252 creatures vanquished.

Notes
Turn   | Place    | Note
-------+----------+-------------------------------------------
     0 | D:1      | OneEyedShark the Troll Berserker began the quest for the
                  | Orb.
     0 | D:1      | Reached XP level 1. HP: 22/22 MP: 0/0
    54 | D:1      | Reached XP level 2. HP: 29/29 MP: 1/1
   200 | D:1      | Reached ** piety under Trog
   258 | D:1      | Reached XP level 3. HP: 36/36 MP: 2/2
   576 | D:2      | Found a blossoming altar of Fedhas.
   576 | D:2      | Found a sacrificial altar of Ru.
   576 | D:2      | Found an ancient bone altar of Kikubaaqudgha.
   855 | D:2      | Found a shadowy altar of Dithmenos.
  1186 | D:2      | Reached XP level 4. HP: 45/45 MP: 3/3
  1452 | D:3      | Found a glowing golden altar of the Shining One.
  1648 | D:3      | Reached skill level 4 in Unarmed Combat
  1984 | D:3      | Reached XP level 5. HP: 47/53 MP: 4/4
  1988 | D:3      | Reached *** piety under Trog
  2367 | D:4      | Found a white marble altar of Elyvilon.
  2485 | D:4      | Noticed Eustachio
  2514 | D:4      | Killed Eustachio
  2514 | D:4      | Reached XP level 6. HP: 44/62 MP: 5/5
  2672 | D:4      | Reached skill level 5 in Unarmed Combat
  2954 | D:5      | Entered Level 5 of the Dungeon
  3050 | D:5      | Noticed a sky beast
  3059 | D:5      | Killed a sky beast
  3059 | D:5      | Reached XP level 7. HP: 54/71 MP: 6/6
  3061 | D:5      | Found a radiant altar of Vehumet.
  3207 | D:5      | Reached skill level 5 in Fighting
  3207 | D:5      | Reached skill level 6 in Unarmed Combat
  3647 | D:6      | Reached skill level 5 in Dodging
  3694 | D:6      | Found a staircase to the Ecumenical Temple.
  3702 | D:6      | Reached XP level 8. HP: 79/80 MP: 7/7
  3739 | Temple   | Entered the Ecumenical Temple
  4026 | D:6      | Found a shimmering altar of Xom.
  4056 | D:6      | Reached **** piety under Trog
  4057 | D:6      | Found a shattered altar of Ashenzari.
  4523 | D:7      | Found a burning altar of Makhleb.
  4615 | D:7      | Reached skill level 7 in Unarmed Combat
  4809 | D:6      | Found a deep blue altar of Sif Muna.
  4876 | D:7      | Found a shimmering altar of Xom.
  4876 | D:7      | Found a shimmering altar of Xom.
  4877 | D:7      | Found a shimmering altar of Xom.
  4877 | D:7      | Found a shimmering altar of Xom.
  4877 | D:7      | Found a shimmering altar of Xom.
  5137 | D:7      | Reached XP level 9. HP: 84/88 MP: 8/8
  5145 | D:7      | Found a shimmering altar of Xom.
  5542 | D:7      | Found a glowing silver altar of Zin.
  5768 | D:8      | Noticed Prince Ribbit
  5815 | D:8      | Killed Prince Ribbit
  5928 | D:8      | Reached skill level 8 in Unarmed Combat
  6007 | D:8      | Found a hazy altar of Hepliaklqana.
  6412 | D:9      | Reached skill level 1 in Evocations
  6459 | D:9      | Found a snail-covered altar of Cheibriados.
  6495 | D:9      | Found an iron altar of Okawaru.
  6610 | D:9      | Reached ***** piety under Trog
  6610 | D:9      | Reached XP level 10. HP: 94/101 MP: 10/10
  6734 | D:9      | Found a flagged portal.
  6758 | Bailey   | Entered a bailey
  7108 | Bailey   | Received a gift from Trog
  7376 | Bailey   | Reached skill level 9 in Unarmed Combat
  7390 | Bailey   | Found a roughly hewn altar of Beogh.
  7390 | Bailey   | Noticed an orc knight
  7415 | Bailey   | Killed an orc knight
  7420 | Bailey   | HP: 2/104 [orc warrior/+0 glaive (15)]
  7448 | Bailey   | Got a translucent arbalest
  7453 | Bailey   | Identified the cursed +1 arbalest of Upheaval {penet,
                  | Int+2} (You found it in a bailey)
  8143 | D:10     | Entered Level 10 of the Dungeon
  8656 | D:11     | Noticed a seven-headed hydra
  8660 | D:11     | Noticed a cyclops
  8693 | D:10     | HP: 2/105 [eight-headed hydra (15)]
  8694 | D:10     | Mangled by an eight-headed hydra

Skill      XL: |  1  2  3  4  5  6  7  8  9 10 |
---------------+-------------------------------+-----
Fighting       | 3 4 5 6 7 8 |  8.3
Dodging        | 3 4 5 6 7 8 |  8.2
Unarmed Combat | 4 5 6 7 8 9 |  9.8
Evocations     | 1 3 |  3.0

Action                   |  1- 3 |  4- 6 |  7- 9 | 10-12 || total
-------------------------+-------+-------+-------+-------++-------
Melee: Unarmed           |   106 |   144 |   349 |   153 ||   752
       Punch             |     1 |     1 |     5 |    10 ||    17
 Fire: Arbalest          |       |       |       |    60 ||    60
Throw: Large rock        |       |       |       |     9 ||     9
  Use: Scroll            |       |    12 |     4 |     1 ||    17
       Potion            |       |       |       |     3 ||     3
 Stab: Sleeping          |     1 |     1 |       |       ||     2
  Eat: Chunk             |    16 |    18 |    34 |    13 ||    81
Armor: Animal skin       |    34 |    67 |    99 |    38 ||   238
Dodge: Dodged            |    50 |   128 |   280 |   251 ||   709
